AoeStats
← BottleDry

Arena

506725054Analyzed
4v4 RM · 18d ago on Sep 14, 2026· 43m 42s· 8 players
Game mode
Random Map
Map size
Large (8 player)
Population
200
Speed
Normal
Resources
Standard
Victory
Conquest
Starting age
Dark Age
Ending age
Imperial Age
RankedLock teamsTeams togetherTeam positionsShared explorationLock speedFull tech treeHidden civsTurbo modeCheats
Victory
Defeat
🇨🇴 Bohemians · Colombia
995
+14
🇦🇷 Britons · Argentina
968
+15
🇭🇰 Lithuanians · Hong Kong SAR China
961
+15
🇦🇷 Spanish · Argentina
891
+19
🇺🇸 Khmer · United States
966
-17
🇺🇸 Persians · United States
962
-16
🇲🇽 Ethiopians · Mexico
941
-15
🇺🇸 Britons · United States
924
-15
NordicPain
10:23 Feudal Age
15:05 Castle Age
14:05 Stone Mining
14:26 Double-Bit Axe
15:10 Horse Collar
15:27 Loom
16:44 Fletching
29:25 Sanctity
31:24 Gold Mining
31:44 Crossbowman
32:32 Padded Archer Armor
35:14 Thumb Ring
37:27 Bow Saw
38:16 Bodkin Arrow
40:33 Gold Shaft Mining
41:43 Forging
41:34 Scale Mail Armor
BottleDry
11:08 Feudal Age
15:00 Castle Age
13:01 Double-Bit Axe
13:01 Horse Collar
14:22 Gold Mining
14:22 Stone Mining
16:37 Heavy Plow
17:36 Loom
19:19 Wheelbarrow
19:46 Bow Saw
28:18 Imperial Age
26:56 Hand Cart
27:23 Scale Barding Armor
27:28 Forging
27:46 Bloodlines
27:36 Husbandry
27:42 Town Watch
28:44 Gold Shaft Mining
28:51 Chain Barding Armor
29:18 Crop Rotation
29:23 Citadels
29:39 Conscription
30:21 Town Patrol
31:10 Iron Casting
30:35 Heavy Camel Rider
32:48 Plate Barding Armor
33:50 Blast Furnace
33:11 Light Cavalry
34:53 Elite Skirmisher
36:32 Ballistics
36:16 Padded Archer Armor
36:32 Fletching
39:53 Chemistry
Soup
9:23 Feudal Age
9:50 Horse Collar
9:56 Double-Bit Axe
16:17 Castle Age
18:09 Bow Saw
18:01 Heavy Plow
yzainc
4:07 Loom
11:17 Feudal Age
11:53 Horse Collar
15:38 Castle Age
13:53 Double-Bit Axe
16:50 Bow Saw
17:07 Heavy Plow
18:13 Wheelbarrow
20:55 Gold Mining
22:53 Scale Barding Armor
23:55 Chain Barding Armor
23:45 Forging
23:46 Husbandry
25:13 Bloodlines
26:10 Iron Casting
29:13 Imperial Age
26:36 Light Cavalry
29:02 Fletching
29:38 Hand Cart
29:27 Town Watch
29:49 Hussar
31:05 Plate Barding Armor
31:31 Blast Furnace
31:15 Ballistics
30:22 Cavalier
32:39 Conscription
33:31 Bodkin Arrow
34:31 Gold Shaft Mining
39:56 Chemistry
38:59 Padded Archer Armor
38:49 Elite Skirmisher
39:50 Bracer
40:06 Leather Archer Armor
41:03 Fortified Wall
43:35 Murder Holes
luismjchan
10:33 Feudal Age
11:32 Horse Collar
17:47 Castle Age
16:27 Double-Bit Axe
17:15 Loom
21:12 Fletching
26:41 Imperial Age
26:02 Chemistry
25:40 Padded Archer Armor
25:39 Town Watch
28:51 Leather Archer Armor
30:51 Bodkin Arrow
31:32 Ring Archer Armor
31:34 Pikeman
33:05 Scale Mail Armor
33:16 Forging
32:42 Elite Skirmisher
37:48 Bodkin Arrow
38:31 Wheelbarrow
38:39 Bracer
40:09 Ballistics
43:30 Bow Saw
elmalditochad
12:24 Feudal Age
12:51 Double-Bit Axe
14:24 Stone Mining
18:33 Castle Age
17:57 Padded Archer Armor
17:47 Fletching
hqitbkv
0:31 Loom
12:00 Feudal Age
16:31 Castle Age
14:42 Double-Bit Axe
18:49 Bow Saw
18:22 Horse Collar
23:13 Heavy Plow
27:08 Wheelbarrow
27:35 Gold Mining
28:04 Stone Mining
28:24 Treadmill Crane
28:57 Fortified Wall
29:32 Bloodlines
29:42 Forging
32:26 Imperial Age
30:15 Hand Cart
30:42 Husbandry
30:56 Forging
30:51 Scale Barding Armor
31:43 Masonry
33:36 Stone Shaft Mining
32:30 Cavalier
33:49 Iron Casting
33:34 Chain Barding Armor
34:18 Conscription
34:00 Paladin
39:43 Plate Barding Armor
Dohko de Libra
10:45 Feudal Age
11:16 Horse Collar
11:22 Double-Bit Axe
13:19 Wheelbarrow
14:36 Loom
17:27 Castle Age
15:34 Gold Mining
16:24 Padded Archer Armor
16:44 Bloodlines
18:13 Heavy Plow
18:25 Bow Saw
18:39 Leather Archer Armor
23:36 Hand Cart
28:45 Imperial Age
26:55 Husbandry
27:18 Light Cavalry
28:08 Scale Barding Armor
28:13 Forging
30:35 Chemistry
29:49 Fortified Wall
29:05 Hussar
30:18 Ring Archer Armor
30:40 Masonry
30:56 Chain Barding Armor
31:10 Conscription
31:36 Ballistics
31:27 Fortified Wall
31:37 Masonry
31:24 Murder Holes
32:07 Iron Casting
32:07 Fletching
31:46 Elite Skirmisher
33:58 Elite Conquistador
36:46 Plate Barding Armor
37:12 Blast Furnace
Connection lost

Rejoining the realm…

Still unreachable

The connection could not be restored.

Session expired

The server has moved on; the page needs a fresh start.